Unix NetHack Version 5.0.0-0 post-release - last build Jun 10 2026 00:39:30 (3ee93aec679c4c4259841fe613dc97188e26a321,branch:main).

Game began 2026-06-16 14:33:13, ended 2026-06-16 14:40:43.

CyberFan, lawful female dwarven Archeologist

                                                           #   ##
                                                           @   #
                                                           s  -.---+-----
                                                           #  |.........|
                                                           d##|.........|
                                                             #..........|
                                                              |...<.....|
                                                              -----------

CyberFan the Field Worker  St:18 Dx:9 Co:11 In:16 Wi:13 Ch:8  Lawful
Dlvl:7  $:124 HP:0(28) Pw:10(10) AC:8  Xp:3/42 T:1078 

Latest messages:
 You feel better.
 The giant spider bites!
 The giant spider's bite was poisoned!
 You hear a door open.
 What do you want to drink? [jkrt or ?*]
 You feel better.
 The giant spider bites!
 You hit the giant spider!
 The giant spider bites!
 The giant spider bites!
 You miss the giant spider.
 The giant spider bites!
 The giant spider bites!
 What do you want to drink? [jkrt or ?*]
 You feel better.
 The giant spider bites!
 The giant spider bites!
 What do you want to drink? [jkt or ?*]
 You don't have that object.
 What do you want to drink? [jkt or ?*]
 You don't have that object.
 What do you want to drink? [jkt or ?*]
 You don't have that object.
 What do you want to drink? [jkt or ?*]
 You don't have that object.
 What do you want to drink? [jkt or ?*]
 That is a silly thing to drink.
 The giant spider bites!
 #
 You begin praying to Quetzalcoatl.
 You are surrounded by a shimmering light.
 The giant spider starts to attack you, but pulls back.
 The giant spider starts to attack you, but pulls back.
 The giant spider starts to attack you, but pulls back.
 You finish your prayer.
 You feel that Quetzalcoatl is well-pleased.
 You feel much better.
 You miss the giant spider.
 The giant spider bites!
 You hit the giant spider.
 The giant spider bites!
 You hit the giant spider.
 The giant spider bites!
 You miss the giant spider.
 The giant spider bites!
 You hear a door open.
 The giant spider bites!
 The giant spider bites!
 The giant spider bites!
 You die...

Inventory:
 Coins    ('$')
  $ - 124 gold pieces
 Amulets  ('"')
  s - an uncursed amulet of reflection (being worn)
 Weapons  (')')
  a - an uncursed +2 bullwhip
 Armor    ('[')
  c - an uncursed +0 fedora
  q - an uncursed +0 orcish helm (being worn)
  K - an uncursed +0 dwarvish cloak (being worn)
  b - an uncursed +0 leather jacket (being worn)
 Comestibles  ('%')
  d - 5 uncursed food rations
 Scrolls  ('?')
  x - an uncursed scroll of blank paper
  m - a blessed scroll of create monster
  n - an uncursed scroll of gold detection
 Spellbooks  ('+')
  M - a blessed spellbook of detect treasure
 Potions  ('!')
  t - an uncursed potion of fruit juice
  k - a cursed potion of speed
  j - an uncursed potion of water
 Rings    ('=')
  L - a cursed ring of aggravate monster
 Wands    ('/')
  N - an uncursed wand of cancellation (0:6)
  i - an uncursed wand of light (0:8)
 Tools    ('(')
  h - an empty uncursed sack
  e - an uncursed +0 pick-axe (weapon in right hand)
  l - an uncursed skeleton key
  f - an uncursed tinning kit (0:60)
 Gems/Stones  ('*')
  g - an uncursed touchstone

CyberFan the Archeologist's attributes:

Background:
 You were a Field Worker, a level 3 female dwarven Archeologist.
 You were lawful, on a mission for Quetzalcoatl
 who was opposed by Camaxtli (neutral) and Huhetotl (chaotic).
 You were right-handed.
 You were in the Gnomish Mines, on level 7.
 You entered the dungeon 1078 turns ago.
 There was a new moon in effect when your adventure ended.
 You had 42 experience points, 38 more were needed to attain level 4.

Basics:
 You had 0 out of 28 hit points.
 You had all 10 energy points (spell power).
 Your armor class was 8.
 Your wallet contained 124 zorkmids.
 Autopickup was on for '$%?!"=/*' plus thrown, with exceptions.

Final Characteristics:
 Your strength was 18 (limit:18/100).
 Your dexterity was 9 (limit:20).
 Your constitution was 11 (limit:20).
 Your intelligence was 16 (limit:16).
 Your wisdom was 13 (limit:16).
 Your charisma was 8 (limit:16).

Final Status:
 You weren't hungry.
 You were unencumbered.
 You were wielding a pick-axe.
 You had basic skill with pick-axe.

Final Attributes:
 You were devoutly aligned.
 Your items were somewhat protected from fire.
 Your items were somewhat protected from cold.
 You had automatic searching.
 You had infravision.
 You were warded.
 You had reflection.
 You are dead.

Miscellaneous:
 You disabled loading and storing of bones levels.
 Total elapsed playing time was 7 minutes and 30 seconds.

Major events:
 Turn
    1: CyberFan the lawful female dwarven Archeologist entered the dungeon
  935: attained the rank of Field Worker (level 3)
  987: entered the Gnomish Mines
 1078: killed by a giant spider

You didn't know any spells.

Skills:
 Fighting Skills
   bare handed combat [Unskilled]
   two weapon combat  [Unskilled]
   riding             [Unskilled]
 Weapon Skills
   dagger             [Unskilled]
   knife              [Unskilled]
   pick-axe           [Basic]
   short sword        [Unskilled]
   saber              [Unskilled]
   club               [Unskilled]
   quarterstaff       [Unskilled]
   sling              [Unskilled]
   dart               [Unskilled]
   boomerang          [Unskilled]
   whip               [Basic]
   unicorn horn       [Unskilled]
 Spellcasting Skills
   attack spells      [Unskilled]
   healing spells     [Unskilled]
   divination spells  [Unskilled]
   matter spells      [Unskilled]

Voluntary challenges:
 Character rerolling was not enabled.
 You never genocided any monsters.
 You never polymorphed an object.
 You never changed form.
 You used no wishes.
Achievements:
 You entered a shop.
 You attained the rank of Field Worker.
 You entered the Gnomish Mines.

 The Dungeons of Doom: levels 1 to 4
    Level 1:
       Some fountains.
    Level 2:
       A scroll shop.
    Level 3:
       Stairs down to The Gnomish Mines.
    Level 4:
 The Gnomish Mines: levels 4 to 7
    Level 4:
    Level 5:
    Level 6:
    Level 7: <- You were here.
       Final resting place for
          you, killed by a giant spider.


Vanquished creatures:
  a shrieker
  2 coyotes
  a large kobold
  3 giant rats
  a red mold
  a gnome
  2 goblins
  a sewer rat
  5 grid bugs
  a lichen
  3 newts
21 creatures vanquished.

No species were genocided or became extinct.

Game over:
                       ----------
                      /          \
                     /    REST    \
                    /      IN      \
                   /     PEACE      \
                  /                  \
                  |     CyberFan     |
                  |      124 Au      |
                  |   killed by a    |
                  |   giant spider   |
                  |                  |
                  |                  |
                  |       2026       |
                 *|     *  *  *      | *
        _________)/\\_//(\/(/\)/\//\/|_)_______

Goodbye CyberFan the Archeologist...

You died in The Gnomish Mines on dungeon level 7 with 600 points,
and 124 pieces of gold, after 1078 moves.
You were level 3 with a maximum of 28 hit points when you died.

